 Dungeon Crawl Stone Soup version 0.24.0-125-gc4c63601f3 (webtiles) character file.

Game seed: 9568727263876175136, levelgen mode: deterministic

31 Defined the Covered (level 3, 0/31 HPs)
             Began as a Gnoll Wanderer on Feb 25, 2020.
             Slain by a hobgoblin (2 damage)
             ... on level 1 of the Dungeon.
             The game lasted 00:03:08 (881 turns).

Defined the Covered (Gnoll Wanderer)                 Turns: 881, Time: 00:03:08

Health: 0/31       AC:  2    Str: 15    XL:     3   Next: 22%
Magic:  4/4        EV: 11    Int: 16    God:
Gold:   48         SH:  0    Dex: 12    Spells: 3/3 levels left

rFire    . . .     SeeInvis .   a - +0 club
rCold    . . .     Gourm    .   (no shield)
rNeg     . . .     Faith    .   c - +0 robe
rPois    .         Spirit   .   (no helmet)
rElec    .         Reflect  .   (no cloak)
rCorr    .         Harm     .   (no gloves)
MR       .....     Rnd*Tele +   (no boots)
Stlth    ++........             (no amulet)
HPRegen  0.10/turn              g - ring of teleportation (curse)
MPRegen  0.09/turn              (no ring)

@: no status effects
A: distributed training, fangs 1, strong nose
a: no special abilities


You were on level 1 of the Dungeon.
You were not hungry.

You visited 1 branch of the dungeon, and saw 1 of its levels.

You collected 48 gold pieces.

Inventory:

Hand Weapons
 a - a +0 club (weapon)
 e - a +0 dagger
Armour
 c - a +0 robe (worn)
Jewellery
 g - a cursed ring of teleportation (left hand)
Wands
 d - a wand of flame (13)
Potions
 b - 3 potions of lignification
Comestibles
 f - 2 rations
 h - 6 chunks of flesh


   Skills:
 + Level 4.5 Fighting
 + Level 0.6 Short Blades
 + Level 0.6 Long Blades
 + Level 0.6 Axes
 + Level 2.5 Maces & Flails
 + Level 0.6 Polearms
 + Level 2.5 Staves
 + Level 0.6 Slings
 + Level 0.6 Bows
 + Level 0.6 Crossbows
 + Level 2.5 Throwing
 + Level 4.5 Armour
 + Level 0.6 Dodging
 + Level 4.1 Stealth
 + Level 0.6 Shields
 + Level 0.6 Unarmed Combat
 + Level 0.6 Spellcasting
 + Level 0.4 Conjurations
 + Level 0.4 Hexes
 + Level 0.4 Charms
 + Level 0.4 Summonings
 + Level 0.4 Necromancy
 + Level 0.4 Translocations
 + Level 0.4 Transmutations
 + Level 0.4 Fire Magic
 + Level 0.4 Ice Magic
 + Level 0.4 Air Magic
 + Level 0.4 Earth Magic
 + Level 0.4 Poison Magic
 + Level 0.8 Invocations
 + Level 2.5 Evocations


You had 3 spell levels left.
You didn't know any spells.
Your spell library was empty.

Dungeon Overview and Level Annotations

Branches:
Dungeon (1/15)

Altars:


Innate Abilities, Weirdness & Mutations

Your experience applies equally to all skills.
You have very sharp teeth.
Your uncanny sense of smell can sniff out nearby items.


Message History

You closely miss the goblin. The goblin barely misses you.
The goblin hits you with a +0 dagger. The goblin closely misses you.
The hobgoblin hits you.
* * * LOW HITPOINT WARNING * * *
The leopard gecko bites you but does no damage.
The goblin hits you with a +0 dagger.
* * * LOW HITPOINT WARNING * * *
You hit the leopard gecko.
You kill the leopard gecko!
The goblin closely misses you. x2
The frilled lizard hisses angrily.
You hit the goblin.
You kill the goblin!
The goblin hits you but does no damage.
You hit the hobgoblin.
The hobgoblin is almost dead.
The goblin hits you with a +0 dagger.
* * * LOW HITPOINT WARNING * * *
The hobgoblin hits you.
You die...

### # ..# #.### ..#
##..#. ..##......##
### .##......... ...#
.#..(.......###.#.###
.#.........l.... ...
(K.........K..###.#
.#.g..........gg@.#∆
...............g###
#.#.................
........#..........#
....################
....# ##.##


You could see 2 hobgoblins, a goblin, a kobold and a frilled lizard.

Vanquished Creatures
  3 leopard geckos (D:1)
  A ball python (D:1)
  3 giant cockroaches (D:1)
  3 goblins (D:1)
  A hobgoblin (D:1)
  2 jackals (D:1)
  7 kobolds (D:1)
  4 bats (D:1)
  3 rats (D:1)
27 creatures vanquished.

Notes
Turn   | Place    | Note
-------+----------+-------------------------------------------
     0 | D:1      | Defined the Gnoll Wanderer began the quest for the Orb.
     0 | D:1      | Defined set off with the following items: a +0 club, 2
                  | potions of lignification, a +0 robe, a wand of flame (15),
                  | a +0 dagger, a ration
     0 | D:1      | Reached XP level 1. HP: 20/20 MP: 2/2
   173 | D:1      | Reached XP level 2. HP: 23/26 MP: 3/3
   255 | D:1      | HP: 1/26 [giant cockroach (2)]
   262 | D:1      | HP: 1/26 [giant cockroach (1)]
   838 | D:1      | Reached XP level 3. HP: 20/31 MP: 4/4
   881 | D:1      | Slain by a hobgoblin

Levels and vault maps discovered:
D:1:      denvon_arrival_planthouse, layout_rooms,
          hangedman_abyss_or_decor_stabs, minmay_misc_feat_roman

Action                   || total
-------------------------++-------
Melee: Club              ||    87
       Bite              ||     4
Evoke: Wand              ||     2
  Use: Potion            ||     1
       Scroll            ||     4
Armor: Skin              ||    25
       Robe              ||    21
Dodge: Dodged            ||    86
